 Dungeon Crawl Stone Soup version 0.29-a0-360-g8ed1089bbe (webtiles) character file.

Game seed: 8499684628355923735

117096 jlumianski the Cruncher (level 16, -13/180 HPs)
             Began as a Demonspawn Fighter on Apr 28, 2022.
             Was a High Priest of Wu Jian.
             Mangled by an Executioner (19 damage)
             ... summoned by Mlioglotl
             ... on level 1 of the Shoals on Apr 29, 2022.
             The game lasted 03:06:00 (25340 turns).

jlumianski the Cruncher (Demonspawn Fighter)       Turns: 25340, Time: 03:06:00

Health: -13/180    AC: 24    Str: 29    XL:     16   Next: 22%
Magic:  15/27      EV: 17    Int: 12    God:    Wu Jian [*****.]
Gold:   2630       SH:  5    Dex: 17    Spells: 18/29 levels left

rFire   + . .      SeeInvis +   t - +12 quarterstaff of Xuamasaruo {venom, Str+6}
rCold   + + .      Faith    .   (shield currently unavailable)
rNeg    . . .      Spirit   .   h - +9 ring mail of Gifijyph {rC++ Regen+}
rPois   +          Reflect  +   (helmet unavailable)
rElec   .          Harm     .   X - +2 cloak
rCorr   .          Rampage  .   g - +2 pair of gloves
Will    +....                   (no boots)
Stlth   ..........              k - amulet of reflection
HPRegen 2.00/turn               a - +4 ring of slaying
MPRegen 0.20/turn               E - ring "Memohax" {Drain rPois rF+ Int+2 Dex+3}

@: berserking, in a heavenly storm, glowing, studying Polearms, very quick
A: antennae 3, icy blue scales 1, foul stench 2, powered by death 3,
regeneration 1, MP-powered wands
a: Renounce Religion, Wall Jump, Serpent's Lash, Heavenly Storm


You were on level 1 of the Shoals.
You worshipped Wu Jian.
Wu Jian was extremely pleased with you.
You visited 5 branches of the dungeon, and saw 25 of its levels.
You also visited: Sewer.

You collected 3055 gold pieces.
You spent 425 gold pieces at shops.

Inventory:

Hand Weapons
 o - a +4 vorpal long sword
 t - the +12 quarterstaff of Xuamasaruo (weapon) {venom, Str+6}
   (You found it on level 3 of the Dungeon)

   It poisons the flesh of those it strikes.
   Str:       It affects your strength (+6).
Missiles
 j - 24 poisoned darts
 m - 10 silver boomerangs (quivered)
 C - 17 boomerangs
 P - 2 throwing nets
 Y - 2 boomerangs of dispersal
Armour
 c - a +0 buckler of fire resistance
 g - a +2 pair of gloves (worn)
 h - the +9 ring mail of Gifijyph (worn) {rC++ Regen+}
   (You found it on level 2 of the Dungeon)

   rC:        It greatly protects you from cold.
   Regen:     It increases your rate of health regeneration.
 u - a +1 chain mail of cold resistance
 G - a +0 kite shield
 X - a +2 cloak (worn)
Jewellery
 a - a +4 ring of slaying (left hand)
 k - an amulet of reflection (around neck)
 p - the ring "Hioxix" {Contam Fly Str+4 Dex+4 Stlth+}
   (You found it on level 14 of the Dungeon)

   [ring of flight]

   Str:       It affects your strength (+4).
   Dex:       It affects your dexterity (+4).
   Fly:       It grants you flight.
   Contam:    It causes magical contamination when unequipped.
   Stlth:     It makes you more stealthy.
 y - a ring of protection from cold
 z - the ring "Ymaypol" {rPois rCorr}
   (You found it on level 6 of the Lair of Beasts)

   [ring of poison resistance]

   rPois:     It protects you from poison.
   rCorr:     It protects you from acid and corrosion.
 E - the ring "Memohax" (right hand) {Drain rPois rF+ Int+2 Dex+3}
   (You found it on level 4 of the Dungeon)

   [ring of poison resistance]

   Int:       It affects your intelligence (+2).
   Dex:       It affects your dexterity (+3).
   rF:        It protects you from fire.
   rPois:     It protects you from poison.
   Drain:     It drains your maximum health when unequipped.
 K - a ring of willpower
 M - a ring of protection from cold
 Q - a ring of willpower
Wands
 w - a wand of charming (10)
 B - a wand of mindburst (18)
 D - a wand of paralysis (11)
 H - a wand of iceblast (15)
 J - a wand of flame (38)
 O - a wand of polymorph (5)
 U - a wand of digging (2)
Scrolls
 b - 14 scrolls of identify
 f - 4 scrolls of magic mapping
 i - 4 scrolls of summoning
 n - 5 scrolls of fog
 s - 10 scrolls of teleportation
 v - a scroll of blinking
 L - 4 scrolls of fear
 N - 4 scrolls of silence
Potions
 d - 3 potions of might
 e - a potion of berserk rage
 l - 8 potions of haste
 q - 8 potions of flight
 x - 5 potions of resistance
 A - 13 potions of curing
 I - 3 potions of ambrosia
 T - a potion of invisibility
Miscellaneous
 r - a condenser vane (inert)
 F - a phantom mirror (inert)


   Skills:
 + Level 9.5 Fighting
 + Level 3.0 Axes
 + Level 13.4 Staves
 + Level 0.8 Throwing
 + Level 7.4 Armour
 + Level 5.8 Dodging
 * Level 12.3 Stealth
 + Level 6.0 Shields
 + Level 7.4 Spellcasting
 + Level 1.8 Hexes
 * Level 13.2 Summonings
 + Level 1.1 Air Magic
 * Level 9.2 Evocations


You had 18 spell levels left.
You knew the following spells:

 Your Spells              Type           Power      Damage    Failure   Level
a - Summon Small Mammal   Summ           100%       N/A       1%          1
b - Call Canine Familiar  Summ           36%        N/A       1%          3
c - Summon Guardian Gole  Hex/Summ       22%        N/A       3%          3
d - Summon Lightning Spi  Summ/Air       21%        N/A       11%         4

Your spell library contained the following spells:

 Spells                   Type           Power      Damage    Failure   Level
 Slow                     Hex            32%        N/A       10%         1
 Magic Dart               Conj           16%        1d3       22%         1
 Sandblast                Erth           8%         2d5       22%         1
 Corpse Rot               Necr/Air       10%        N/A       26%         2
 Static Discharge         Conj/Air       5%         N/A       26%         2
 Confusing Touch          Hex            8%         N/A       30%         3
 Passwall                 Tmut/Erth      3%         N/A       32%         2
 Searing Ray              Conj           8%         2d4       32%         2
 Sublimation of Blood     Necr           4%         N/A       32%         2
 Swiftness                Air            7%         N/A       36%         3
 Portal Projectile        Hex/Tloc       12%        N/A       41%         3
 Mephitic Cloud           Conj/Pois/Air  5%         N/A       50%         3
 Gell's Gravitas          Tloc           4%         N/A       54%         3
 Stone Arrow              Conj/Erth      8%         3d7       54%         3
 Teleport Other           Tloc           4%         N/A       54%         3
 Vampiric Draining        Necr           4%         2d6       54%         3
 Fulminant Prism          Conj/Hex       3%         3d6       82%         4
 Dispel Undead            Necr           4%         3d7       91%         4
 Hailstorm                Conj/Ice       4%         3d4       91%         4
 Ice Form                 Ice/Tmut       4%         N/A       91%         4
 Petrify                  Tmut/Erth      4%         N/A       91%         4
 Fireball                 Conj/Fire      2%         3d4       99%         5
 Irradiate                Conj/Tmut      2%         3d14      99%         5
 Iskenderun's Battlesphe  Conj           4%         2d6       99%         5
 Conjure Ball Lightning   Conj/Air       2%         3x3d6     100%        6
 Death Channel            Necr           2%         N/A       100%        6
 Dispersal                Tloc           2%         N/A       100%        6
 Simulacrum               Ice/Necr       2%         N/A       100%        6
 Orb of Destruction       Conj           2%         9d5       100%        7
 Storm Form               Tmut/Air       2%         N/A       100%        7
 Discord                  Hex            4%         N/A       100%        8
 Maxwell's Capacitive Co  Air            3%         ∞         100%        8


Dungeon Overview and Level Annotations

Branches:
Dungeon (15/15)            Temple (1/1) D:5            Lair (6/6) D:8
 Shoals (1/4) Lair:4       Spider (0/4) Lair:3        Slime (0/5) Lair:6
    Orc (2/2) D:10            Elf (0/3) Orc:2        Vaults (0/5) D:13
 Depths (0/4) D:15          Sewer (visited)

Altars:
Ashenzari
Cheibriados
Dithmenos
Elyvilon
Fedhas
Gozag
Hepliaklqana
Kikubaaqudgha
Makhleb
Nemelex Xobeh
Okawaru
Qazlal
Ru
Sif Muna
Trog
Vehumet
Wu Jian
Xom
Yredelemnul
Zin
The Shining One
Beogh

Shops:
D:1 (   D:10 [   D:12 ?[![(   D:13 (   Orc:2 (=??

Portals:
Trove: D:14 (give +5 demon whip)

Annotations:
Shoals:1 Mlioglotl


Innate Abilities, Weirdness & Mutations

You have a pair of large antennae on your head. (SInv)
You are partially covered in icy blue scales. (AC +2)
You sometimes emit foul miasma when damaged in melee.
You regenerate a lot of health from kills.
Your natural rate of healing is unusually fast.
You expend magic power (3 MP) to strengthen your wands.


Message History

Moving in this stuff is going to be slow.
As you read the scroll of blinking, it crumbles to dust.
You are no longer terrified.
The Executioner barely misses you.
The Executioner hits you but does no damage. x2
The fire bat attacks as you move away!
The fire bat bites you but does no damage.
The Executioner misses you.
The Executioner hits you but does no damage. x2
The Executioner hits you!
* * * LOW HITPOINT WARNING * * *
The Executioner hits you but does no damage.
You block the Executioner's attack. The fire bat barely misses you.
Okay, then.
Unknown command.
Blink to where?
Press: ? - help, Dir - move target
Okay, then.
You spin and attack the fire bat repeatedly.
You bludgeon the fire bat!!
The fire bat looks as sick as possible!
The fire bat is almost dead.
You bludgeon the fire bat!!
You kill the fire bat!
The fire bat disappears in a puff of smoke!
The Executioner barely misses you. You block the Executioner's attack.
The Executioner hits you but does no damage.
The Executioner misses you.
The Executioner hits you but does no damage.
The Executioner barely misses you.
You bludgeon the Executioner!!
The Executioner is heavily wounded.
The Executioner hits you but does no damage. x2
The Executioner barely misses you.
The Executioner hits you but does no damage.
The Executioner hits you.
* * * LOW HITPOINT WARNING * * *
You block the Executioner's attack.
A red film seems to cover your vision as you go berserk!
You feel yourself moving faster!
You feel mighty! The Executioner hits you!!
You die...

.......≈≈≈≈≈≈≈≈≈≈≈≈≈≈≈≈≈≈....<...
#.....≈≈≈#≈≈≈≈≈≈.≈≈.≈≈≈≈≈≈......[
#.....≈≈≈≈≈≈≈≈≈≈...≈≈≈≈≈≈≈.......
.≈≈≈≈≈≈≈≈≈≈≈≈≈≈≈≈.≈≈≈...≈........
≈≈≈≈≈≈≈≈≈≈≈≈≈.≈≈..≈..............
≈≈≈≈≈≈≈≈≈≈≈≈≈.....≈.#...##..###..
≈≈≈≈≈≈≈≈≈≈≈...§☼§§§....###### #.≈
≈≈≈≈≈≈≈≈≈≈.○☼##§☼§§≈..## #..
≈≈≈≈≈≈≈≈≈≈.§☼☼#1@§§≈### #..
≈≈≈≈≈≈≈≈≈≈≈§§§§§§§§..###### ##.
≈≈≈≈≈≈≈≈≈≈≈§§§§§§§§.......## #..
≈≈≈≈≈≈.≈≈≈≈{§☼§§☼≈≈.....≈≈.# #.≈
≈≈≈≈≈≈≈≈≈≈≈{§☼§§≈≈≈≈≈≈≈≈≈≈.## #≈≈
≈≈..≈≈≈≈.{≈≈≈≈≈≈≈≈≈≈≈≈≈≈≈≈..# #..
≈...≈≈≈≈.≈{≈≈≈≈≈≈≈≈≈≈≈≈≈≈≈≈.#####
≈≈..####{≈≈≈≈≈≈≈≈≈≈≈≈≈≈≈..≈..# #
#...##.Z≈≈≈≈≈≈≈≈≈≈≈≈≈≈≈≈≈≈...####


You could see an Executioner (summoned, fast).

Vanquished Creatures
  Jorgrun (D:13)
  Donald (Shoals:1)
  The ghost of Antichthon the Unseen, a journeyman OpBr of Wu Jian (Lair:2)
  The ghost of Shayle the Fighter, a journeyman TeBr of Ashenzari (Lair:6)
  The ghost of khangoldenlief the Tortoise, a journeyman MiBe of Trog (Lair:6)
  Nessos (Lair:4)
  3 dire elephants (Lair:6)
  Azrael (D:12)
  Snorg (Lair:6)
  Fannar (D:10)
  3 boulder beetles
  Erolcha (Orc:2)
  2 catoblepae
  A centaur warrior (D:13)
  5 hydras
  3 ogre magi
  A death knight (D:14)
  2 tengu warriors (D:15)
  5 death yaks
  5 two-headed ogres (D:13)
  A spectral dire elephant (Lair:6)
  Sonja (D:11)
  The ghost of sokol815 the Cleaver, a journeyman VSGl of Gozag (D:10)
  Nergalle (Orc:2)
  A fire crab (Lair:4)
  A spectral death yak (Lair:6)
  A spectral anaconda (Lair:6)
  A sea snake (Lair:4)
  Lodul (D:13)
  An obsidian statue (Lair:6)
  3 wizards
  A lindwurm (Lair:6)
  The ghost of sokol815 the Arsonist, a novice OpFE of Gozag (D:8)
  6 necromancers
  29 ugly things
  3 deep elf pyromancers
  2 deep elf zephyrmancers
  A harpy (shapeshifter) (D:13)
  4 oklob plants (Lair:5)
  9 orc sorcerers
  3 manticores
  3 fauns (Shoals:1)
  3 cyclopes
  5 merfolk sirens (Shoals:1)
  6 black mambas
  18 elephants
  A naga mage (D:15)
  A gargoyle (D:12)
  A torpor snail (Lair:2)
  A centaur skeleton (D:15)
  16 cane toads
  7 komodo dragons
  A dire elephant skeleton (Lair:6)
  An efreet (D:15)
  A komodo dragon (shapeshifter) (D:13)
  A rime drake (Lair:1)
  3 kobold demonologists
  A guardian mummy (D:14)
  8 merfolk
  10 trolls
  3 wind drakes (Shoals:1)
  2 polar bears
  3 meliai
  A wolf spider simulacrum (D:15)
  14 blink frogs
  4 hornets
  Prince Ribbit (D:7)
  A dream sheep (shapeshifter) (D:13)
  9 slime creatures
  2 spectral elephants (Lair:6)
  A snapping turtle (Shoals:1)
  A dream sheep (Lair:5)
  A jumping spider (Lair:3)
  6 shadows
  34 yaks
  A vampire (D:11)
  3 fire elementals
  2 wraiths
  3 fire bats
  3 wyverns
  3 basilisks (D:15)
  3 death yak simulacra (Lair:6)
  4 vampire mosquitoes (D:11)
  2 wargs
  Menkaure (D:7)
  An acid dragon (D:11)
  5 hell hounds
  28 water moccasins
  Duvessa (D:7)
  A floating eye (Orc:1)
  13 orc warriors
  A hornet zombie (D:15)
  2 sky beasts
  3 black bears
  6 wolves
  10 centaurs
  5 ogres
  5 elephant skeletons (Lair:6)
  2 kobold brigands
  2 gnoll sergeants
  A necrophage (D:4)
  15 bullfrogs
  2 scorpions (D:5)
  3 cane toad simulacra (Lair:6)
  Dowan (D:7)
  An elephant simulacrum (Lair:6)
  2 howler monkeys (D:8)
  An electric eel (Lair:3)
  6 hounds
  3 jellies
  2 gnoll shamans
  13 orc priests
  5 iguanas
  Natasha (twice) (D:4)
  5 hell rats (Lair:2)
  24 orc wizards
  A polar bear simulacrum (Lair:6)
  2 wolf simulacra (Lair:6)
  8 adders
  18 gnolls
  9 river rats
  An ufetubus (D:6)
  A worm (D:3)
  52 orcs
  8 ball pythons
  A bat (D:3)
  2 endoplasms
  2 giant cockroaches
  8 goblins
  5 hobgoblins
  21 kobolds
  7 quokkas
  8 frilled lizards
  30 rats
  2 river rat simulacra (Lair:6)
  2 starspawn tentacles (Shoals:1)
667 creatures vanquished.

Vanquished Creatures (collateral kills)
  A wolf spider zombie (D:15)
  2 ugly things
  A deep elf pyromancer (D:15)
  An orc sorcerer (Orc:2)
  2 cyclopes (D:12)
  A cane toad (Lair:6)
  3 slime creatures (D:12)
  2 yaks (D:9)
  2 water moccasins
  2 orc warriors (Orc:1)
  A bullfrog (Lair:3)
  An orc priest (Orc:2)
  7 orc wizards
  4 wolf simulacra (Lair:6)
  A gnoll (D:10)
  11 orcs
  2 kobolds
  2 river rat simulacra (Lair:6)
46 creatures vanquished.

Vanquished Creatures (others)
  A death yak (Lair:6)
  An orc knight (Orc:1)
  A deep elf pyromancer (D:15)
  An ugly thing (D:14)
  A cane toad (Lair:3)
  2 blink frogs (Lair:3)
  A warg (Orc:1)
  An orc warrior (Orc:2)
  An ogre (Orc:2)
  A wolf (Lair:3)
  3 orc wizards (Orc:2)
  12 fungi
  35 plants
  3 starspawn tentacles (Shoals:1)
  26 withered plants (Lair:6)
90 creatures vanquished.

Grand Total: 803 creatures vanquished

Notes
Turn   | Place    | Note
-------+----------+-------------------------------------------
     0 | D:1      | jlumianski the Demonspawn Fighter began the quest for the
                  | Orb.
     0 | D:1      | Reached XP level 1. HP: 18/18 MP: 1/1
    17 | D:1      | You fall into a shaft and drop 1 floor!
   123 | D:2      | Identified the +4 leather armour of Youthful Indiscretion
                  | {rElec rN++ Will-}
   167 | D:2      | Identified the +9 ring mail of Gifijyph {rC++ Regen+}
   334 | D:1      | Gained mutation: You are partially covered in icy blue
                  | scales. (AC +2) [demonic ancestry]
   334 | D:1      | Reached XP level 2. HP: 24/24 MP: 2/2
   478 | D:1      | Found Ysioga's Antique Weapon Emporium.
   621 | D:3      | Identified the +12 quarterstaff of Xuamasaruo {venom,
                  | Str+6}
   667 | D:3      | Found a faded altar of an unknown god.
   722 | D:3      | Found a glowing drain.
   755 | Sewer    | Entered a sewer
   813 | Sewer    | Gained mutation: You have a pair of small antennae on your
                  | head. [demonic ancestry]
   813 | Sewer    | Reached XP level 3. HP: 29/29 MP: 3/3
   848 | Sewer    | Reached XP level 4. HP: 35/35 MP: 4/4
   967 | Sewer    | Reached skill level 1 in Dodging
  1435 | D:2      | Gained mutation: You regenerate a little health from kills.
                  | [demonic ancestry]
  1435 | D:2      | Reached XP level 5. HP: 41/41 MP: 5/5
  1901 | D:3      | Reached skill level 1 in Staves
  2308 | D:4      | Gained mutation: You have a pair of antennae on your head.
                  | [demonic ancestry]
  2308 | D:4      | Reached XP level 6. HP: 48/48 MP: 6/6
  2354 | D:3      | Gained mutation: You expend magic power (3 MP) to
                  | strengthen your wands. [potion of mutation]
  2354 | D:3      | Gained mutation: Your natural rate of healing is unusually
                  | fast. [potion of mutation]
  2643 | D:4      | Noticed Natasha
  2647 | D:4      | Killed Natasha
  2674 | D:4      | Identified the ring "Memohax" {Drain rPois rF+ Int+2 Dex+3}
  2701 | D:4      | Learned a level 1 spell: Summon Small Mammal
  2784 | D:5      | Entered Level 5 of the Dungeon
  3287 | D:4      | Noticed Natasha
  3293 | D:4      | Killed Natasha
  3432 | D:5      | Gained mutation: You regenerate health from kills. [demonic
                  | ancestry]
  3432 | D:5      | Reached XP level 7. HP: 54/54 MP: 7/7
  3461 | D:5      | Reached skill level 1 in Stealth
  3463 | D:5      | Reached skill level 1 in Summonings
  3858 | D:5      | Reached XP level 8. HP: 60/60 MP: 8/8
  3944 | D:5      | Found a staircase to the Ecumenical Temple.
  3959 | D:5      | Reached skill level 5 in Staves
  3982 | Temple   | Entered the Ecumenical Temple
  4053 | Temple   | Became a worshipper of the Wu Jian Council
  4346 | D:5      | Noticed a troll
  4353 | D:5      | Killed a troll
  4628 | D:6      | Identified the +3 broad axe "Anogirchi" {protect, Int+3}
  4825 | D:6      | Reached XP level 9. HP: 66/66 MP: 9/9
  5011 | D:6      | Reached * piety under Wu Jian
  5491 | D:7      | Reached skill level 1 in Spellcasting
  5551 | D:7      | Noticed Menkaure
  5557 | D:7      | Killed Menkaure
  5657 | D:7      | Reached skill level 5 in Armour
  5700 | D:8      | Found a runed translucent door.
  5700 | D:8      | Noticed sokol815's ghost (novice OpFE)
  5725 | D:8      | Killed sokol815's ghost
  5726 | D:8      | Reached skill level 5 in Fighting
  5726 | D:8      | Reached skill level 5 in Summonings
  5768 | D:8      | Reached skill level 5 in Stealth
  5979 | D:7      | Noticed Duvessa
  5980 | D:7      | Noticed Dowan
  5989 | D:7      | Killed Duvessa
  5989 | D:7      | Killed Dowan
  5990 | D:7      | Gained mutation: You may rarely emit foul miasma when
                  | damaged in melee. [demonic ancestry]
  5990 | D:7      | Reached XP level 10. HP: 74/74 MP: 10/13
  6058 | D:7      | Noticed Prince Ribbit
  6076 | D:7      | Killed Prince Ribbit
  6081 | D:7      | Learned a level 3 spell: Call Canine Familiar
  6775 | D:8      | Found a staircase to the Lair.
  6842 | D:8      | Reached ** piety under Wu Jian
  7959 | Lair:1   | Entered Level 1 of the Lair of Beasts
  8009 | D:10     | Entered Level 10 of the Dungeon
  8135 | D:10     | Noticed Fannar
  8169 | D:10     | Killed Fannar
  8170 | D:10     | Gained mutation: You sometimes emit foul miasma when
                  | damaged in melee. [demonic ancestry]
  8170 | D:10     | Reached XP level 11. HP: 80/80 MP: 9/16
  8225 | D:10     | Found a staircase to the Orcish Mines.
  8230 | D:10     | Found a runed translucent gate.
  8230 | D:10     | Found a runed translucent gate.
  8231 | D:10     | Found a runed translucent gate.
  8232 | D:10     | Noticed sokol815's ghost (journeyman VSGl)
  8473 | D:10     | Noticed a sun demon
  8580 | D:10     | Found Argus's Dragon-Slaying Spoils.
  9192 | D:10     | Killed sokol815's ghost
  9256 | D:11     | Noticed a boulder beetle
  9257 | D:11     | Noticed a sixfirhy
  9427 | D:11     | Killed a boulder beetle
  9504 | D:11     | Reached *** piety under Wu Jian
 10001 | D:11     | Noticed Sonja
 10022 | D:11     | Killed Sonja
 10309 | D:12     | Found Roithrup's Armour Shoppe.
 10315 | D:12     | Noticed a five-headed hydra
 10326 | D:12     | Killed a five-headed hydra
 10352 | D:12     | Found Gecvacen's Distillery.
 10386 | D:12     | Bought a potion of heal wounds for 80 gold pieces
 10696 | D:12     | Noticed a boulder beetle
 10710 | D:12     | Killed a boulder beetle
 10711 | D:12     | Gained mutation: You have a pair of large antennae on your
                  | head. (SInv) [demonic ancestry]
 10711 | D:12     | Reached XP level 12. HP: 88/88 MP: 14/19
 10753 | D:12     | Found Coegaluck's Antique Armour Shoppe.
 10776 | D:12     | Found Mompann's Magic Scroll Boutique.
 10791 | D:12     | Bought a scroll of blinking for 120 gold pieces
 10791 | D:12     | Bought a scroll of silence for 120 gold pieces
 10966 | D:12     | Found Meaply's Weapon Boutique.
 11119 | D:13     | Reached skill level 5 in Spellcasting
 11141 | D:13     | Got the Grimoire of Axaxaxas mlö
 11356 | D:12     | Reached skill level 1 in Evocations
 11357 | D:12     | Reached **** piety under Wu Jian
 11535 | D:13     | Got the Tome of Combed Thunderclap
 11546 | D:13     | Got the Incunabulum of Sand
 11579 | D:13     | Found Zidoac's Weapon Boutique.
 11661 | D:13     | Noticed a centaur warrior
 11669 | D:13     | Killed a centaur warrior
 11830 | D:13     | Noticed Jorgrun
 11848 | D:13     | Killed Jorgrun
 11920 | D:13     | Noticed a two-headed ogre
 11921 | D:13     | Noticed Lodul
 11922 | D:13     | Noticed a two-headed ogre
 11923 | D:13     | Noticed a two-headed ogre
 11923 | D:13     | Noticed a two-headed ogre
 11928 | D:13     | Noticed a two-headed ogre
 11936 | D:13     | Killed a two-headed ogre
 11941 | D:13     | Killed Lodul
 11942 | D:13     | Reached skill level 10 in Staves
 11945 | D:13     | Killed a two-headed ogre
 11959 | D:13     | Killed a two-headed ogre
 11960 | D:13     | Killed a two-headed ogre
 11962 | D:13     | Killed a two-headed ogre
 11963 | D:13     | Reached skill level 10 in Summonings
 12008 | D:13     | Found a gate to the Vaults.
 12078 | D:13     | Noticed Azrael
 12119 | D:12     | Gained mutation: You regenerate a lot of health from kills.
                  | [demonic ancestry]
 12119 | D:12     | Reached XP level 13. HP: 93/96 MP: 21/21
 12172 | D:12     | Killed Azrael
 12453 | D:14     | Reached ***** piety under Wu Jian
 12555 | D:13     | Learned a level 3 spell: Summon Guardian Golem
 12569 | D:13     | Reached skill level 5 in Evocations
 12594 | D:14     | Identified the ring "Hioxix" {Contam Fly Str+4 Dex+4
                  | Stlth+}
 12941 | D:14     | Found a portal to a secret trove of treasure.
 13033 | D:14     | Reached skill level 10 in Stealth
 13266 | D:14     | Reached skill level 5 in Shields
 13586 | D:15     | Entered Level 15 of the Dungeon
 14015 | D:15     | Reached XP level 14. HP: 87/104 MP: 23/23
 14051 | D:15     | Identified the +8 halberd of Ointment {distort, rPois rC++}
 14195 | D:15     | Found a staircase to the Depths.
 14743 | Orc:1    | Entered Level 1 of the Orcish Mines
 14845 | Orc:2    | Entered Level 2 of the Orcish Mines
 14847 | Orc:2    | Found a staircase to the Elven Halls.
 15340 | Orc:2    | Reached ****** piety under Wu Jian
 15861 | Orc:1    | Paralysed by a floating eye for 4 turns
 16673 | Orc:2    | Paralysed by an orc sorcerer for 5 turns
 16693 | Orc:2    | Found Nalok's Magic Scroll Boutique.
 16735 | Orc:2    | Found Perad's Magic Scroll Shop.
 16796 | Orc:2    | Found an ancient bone altar of Kikubaaqudgha.
 16796 | Orc:2    | Noticed Nergalle
 16821 | Orc:2    | Killed Nergalle
 16880 | Orc:2    | Noticed Erolcha
 16881 | Orc:2    | Found a radiant altar of Vehumet.
 16898 | Orc:2    | Killed Erolcha
 16975 | Orc:2    | Found Liloimm's Jewellery Boutique.
 16975 | Orc:2    | Found Fimumug's Antique Weapon Shop.
 17051 | Orc:2    | Bought a scroll of blinking for 105 gold pieces
 17166 | Orc:2    | Upgraded the game from 0.29-a0-359-g541a27f54d to
                  | 0.29-a0-360-g8ed1089bbe
 18208 | Lair:2   | Reached skill level 5 in Dodging
 18310 | Lair:2   | Noticed Antichthon's ghost (journeyman OpBr)
 18463 | Lair:2   | Found a transporter.
 18840 | Lair:2   | Found a transporter.
 19142 | Lair:2   | Killed Antichthon's ghost
 19412 | Lair:3   | Found a hole to the Spider Nest.
 19578 | Lair:3   | Reached XP level 15. HP: 91/106 MP: 19/25
 19947 | Lair:3   | Learned a level 4 spell: Summon Lightning Spire
 20182 | Lair:3   | Reached skill level 1 in Hexes
 20409 | Lair:4   | Noticed Nessos
 20500 | Lair:4   | Killed Nessos
 20801 | Lair:4   | Found a staircase to the Shoals.
 22493 | Lair:6   | Entered Level 6 of the Lair of Beasts
 22537 | Lair:6   | Found a staircase to the Slime Pits.
 22659 | Lair:6   | Found a runed translucent gate.
 22659 | Lair:6   | Found a runed translucent gate.
 22660 | Lair:6   | Found a runed translucent gate.
 22662 | Lair:6   | Noticed khangoldenlief's ghost (journeyman MiBe)
 22662 | Lair:6   | Noticed Shayle's ghost (journeyman TeBr)
 22866 | Lair:6   | Noticed Snorg
 22892 | Lair:6   | Killed Snorg
 23018 | Lair:6   | Reached skill level 1 in Air Magic
 23504 | Lair:6   | Identified the ring "Ymaypol" {rPois rCorr}
 23746 | Lair:6   | Reached XP level 16. HP: 118/119 MP: 26/26
 23773 | Lair:6   | Killed Shayle's ghost
 23970 | Lair:6   | Killed khangoldenlief's ghost
 24278 | Shoals:1 | Entered Level 1 of the Shoals
 24285 | Shoals:1 | Noticed Mlioglotl
 24292 | Shoals:1 | Noticed a tentacled starspawn
 24663 | Shoals:1 | Noticed Donald
 24684 | Shoals:1 | Killed Donald
 25319 | Shoals:1 | Noticed a tentacled starspawn
 25327 | Shoals:1 | Noticed an Executioner
 25337 | Shoals:1 | HP: 4/120 [Executioner[Mlioglotl] (13)]
 25340 | Shoals:1 | Mangled by an Executioner

Illustrated notes

Levels and vault maps discovered:
D:1:      tarquinn_simple_flora_water_d, layout_basic, serial_shops,
          nicolae_shop_statue_plus, minmay_misc_feat_doors, st_stairs_3
D:2:      layout_loops_ring
D:3:      layout_rooms, cheibrodos_sewer_entry_bend,
          chequers_ecumenical_altar_simple_redux, minmay_rat_hole
D:4:      layout_layer_cave, uniq_natasha
D:5:      layout_loops_corners, minmay_temple_entry_stoned_glass,
          kennysheep_boxes
D:6:      layout_basic, kennysheep_generic_room_4
D:7:      layout_basic, enter_ossuary_3, uniq_prince_ribbit1, uniq_duvessa,
          uniq_menkaure
D:8:      layout_basic, amcnicky_altar_gilded, lair_entry_dummy,
          hellmonk_ghost_happy_afterlife, minmay_manual_mares
D:9:      layout_gridville, minmay_statues_item, minivault_20
D:10:     layout_loops_corners, orc_0_dummy, gammafunk_ghost_spectres,
          grunt_ministairs_8, nicolae_shop_dragon_depot, uniq_fannar
D:11:     layout_cross, serial_co_window_serial, co_window_paths_a,
          co_window_paths_a, co_window_paths_a, co_window_paths_a,
          co_window_corner_a, co_window_of_opportunity_b, co_window_corner_b,
          co_window_broadway_c, co_window_corner_ca, co_window_corner_b,
          co_window_broadway_a, co_window_cross_2, co_window_paths_d,
          glass_columns_a, glass_columns_a, uniq_sonja
D:12:     layout_stronghold, serial_shops, nicolae_shop_advertising_works
          [nicolae_subvault_shop_adworks], kennysheep_mini,
          nicolae_shop_statue_plus, nicolae_shop_waterfront,
          nicolae_square_shop, serial_rivers, chequers_serial_rivers_micro_a,
          chequers_serial_rivers_micro_c, chequers_serial_rivers_large_b,
          chequers_serial_rivers_micro_b, chequers_serial_rivers_micro_b
D:13:     layout_long_grid, david_vaults_4, serial_shops,
          nicolae_shop_statue_plus, bh_hangedman_babel_library, uniq_lodul,
          uniq_azrael, uniq_jorgrun
D:14:     layout_rooms, nicolae_trove_entry_path_of_doom, roderic_roman_lattice,
          grunt_decor_clamped, minmay_misc_feat_nine_boxes, lemuel_freeze_loot_1
D:15:     grunt_enter_depths_magical_seal, layout_basic, serial_rivers,
          chequers_serial_rivers_micro_e, chequers_serial_rivers_micro_a,
          chequers_serial_rivers_micro_c, chequers_serial_rivers_room_b,
          chequers_serial_rivers_large_a
Temple:   mainiacjoe_temple_starburst
Lair:1:   layout_loops_ring, hibernation_bobbens
Lair:2:   layout_long_grid, nzn_ghost_randoct, nicolae_quartered_pool_impasse,
          kennysheep_abandoned_house, infiniplex_staircase_pool_2
Lair:3:   layout_gridlike, spider_nest_entry_a, nzn_random_ring
Lair:4:   beast_lair_carwin_large_3, layout_gridlike,
          minmay_shoals_entry_centaurs, st_stairs_9, uniq_nessos
Lair:5:   minmay_lair_oklob_chamber, layout_regular_city,
          chequers_serial_rivers_micro_a, grunt_megastairs_2,
          serial_bayou_shore_a, infiniplex_staircase_pool
Lair:6:   due_jungle_book, layout_big_grid, slime_dummy,
          gammafunk_ghost_cemetery, eino_house_with_fridge, uniq_snorg
Shoals:1: layout_shoals, hangedman_shoal_volcano, uniq_mlioglotl, uniq_donald
Orc:1:    hellmonk_paralyzer, layout_caves
Orc:2:    kennysheep_orc_mage_school, layout_diamond_mine

Skill      XL: |  1  2  3  4  5  6  7  8  9 10 11 12 13 14 15 16 |
---------------+-------------------------------------------------+-----
Axes           | 2 3 |  3.0
Shields        | 3 4 5 6 |  6.0
Armour         | 3 4 5 6 7 |  7.4
Dodging        | 1 2 3 4 5 |  5.8
Staves         | 2 3 4 6 7 8 9 10 11 12 13 | 13.4
Fighting       | 4 5 6 7 8 9 |  9.5
Stealth        | 2 3 5 6 8 9 10 11 12 | 12.3
Summonings     | 2 3 5 7 9 10 11 12 13 | 13.2
Spellcasting   | 2 3 4 5 6 7 |  7.4
Evocations     | 4 6 7 9 |  9.2
Hexes          | 1 |  1.8
Air Magic      | 1 |  1.1
Throwing       | |  0.8

Action                   |  1- 3 |  4- 6 |  7- 9 | 10-12 | 13-15 | 16-18 || total
-------------------------+-------+-------+-------+-------+-------+-------++-------
Melee: War axe           |    39 |       |       |       |       |       ||    39
       Quarterstaff      |    28 |   125 |   169 |   423 |  1384 |   213 ||  2342
Throw: Stone             |       |       |     1 |       |       |       ||     1
       Boomerang         |       |       |       |     2 |     3 |     3 ||     8
 Cast: Summon Small Mamm |       |       |    30 |    48 |    44 |     5 ||   127
       Call Canine Famil |       |       |       |    37 |    31 |     6 ||    74
       Summon Guardian G |       |       |       |       |    36 |     4 ||    40
       Summon Lightning  |       |       |       |       |    10 |     5 ||    15
Invok: Lunge             |       |       |    28 |    57 |   133 |    18 ||   236
       Whirlwind         |       |       |    10 |    22 |   122 |    11 ||   165
       Heavenly Storm    |       |       |       |       |     2 |     1 ||     3
 Abil: Wall Jump         |       |       |       |     8 |    46 |       ||    54
Evoke: Wand              |       |       |     1 |     2 |     4 |       ||     7
       Condenser vane    |       |       |       |       |     1 |     1 ||     2
       Phantom mirror    |       |       |       |       |       |     2 ||     2
  Use: Scroll            |     3 |    10 |     1 |    10 |     3 |     5 ||    32
       Potion            |       |     3 |     5 |     1 |     4 |     3 ||    16
 Stab: Sleeping          |       |       |     1 |     7 |    15 |     2 ||    25
       Distracted        |       |       |     1 |     3 |     7 |     3 ||    14
       Petrifying        |       |       |       |       |     1 |       ||     1
       Petrified         |       |       |       |       |     1 |       ||     1
Armor: Ring mail         |    28 |    54 |    77 |   196 |   496 |   108 ||   959
       Scale mail        |     3 |       |       |       |       |       ||     3
Dodge: Dodged            |    27 |    54 |    72 |   188 |   521 |    95 ||   957
Block: Buckler           |    23 |       |       |       |       |       ||    23
       Reflection        |     3 |     1 |     1 |     4 |     4 |     2 ||    15
       Other             |     6 |    38 |    40 |    77 |   203 |    36 ||   400

Table legend: (Time is in decaauts)
 A = Elapsed time spent in this place.
 B = Non-inter-level travel time spent in this place.
 C = Inter-level travel time spent in this place.
 D = Time resting spent in this place.
 E = Time spent auto-exploring this place.
 F = Levels seen in this place.
 G = Mean time per level.
                   A        B        C        D        E       F      G
               +--------+--------+--------+--------+--------+-----+--------+
         Total |  25463 |  24380 |   1083 |    248 |  13540 |  26 |  979.3 |
       Dungeon |  14292 |  13639 |    653 |     24 |   8760 |  15 |  952.8 |
        Temple |    129 |    129 |      0 |      0 |     29 |   1 |  129.0 |
          Lair |   6960 |   6555 |    405 |    222 |   3281 |   6 | 1160.0 |
        Shoals |   1010 |   1010 |      0 |      2 |    300 |   1 | 1010.0 |
  Orcish Mines |   2468 |   2445 |     23 |      0 |   1056 |   2 | 1234.0 |
         Sewer |    601 |    601 |      0 |      0 |    114 |   1 |  601.0 |
               +--------+--------+--------+--------+--------+-----+--------+

Top non-repeatable levels by time:
   Orc:2: 1535 daAuts
  Lair:6: 1501 daAuts
    D:10: 1344 daAuts
  Lair:2: 1341 daAuts
    D:12: 1175 daAuts
    D:13: 1147 daAuts
     D:7: 1117 daAuts
     D:4: 1114 daAuts
    D:14: 1092 daAuts
  Lair:3: 1072 daAuts
  Lair:4: 1044 daAuts
  Lair:5: 1035 daAuts
Shoals:1: 1010 daAuts
     D:5: 966 daAuts
  Lair:1: 965 daAuts
